AoeStats
← 739697286

African Clearing

504979208Analyzed
4v4 RM · 26d ago on Sep 7, 2026· 23m 35s· 8 players
Game mode
Random Map
Map size
Large (8 player)
Population
200
Speed
Normal
Resources
Standard
Victory
Conquest
Starting age
Dark Age
Ending age
Imperial Age
RankedLock teamsTeams togetherTeam positionsShared explorationLock speedFull tech treeHidden civsTurbo modeCheats
Victory
Defeat
🇨🇳 Persians · China
1471
+12
1418
+14
🇨🇳 Portuguese · China
1387
+16
🇨🇳 Poles · China
1349
+17
🇭🇰 Spanish · Hong Kong SAR China
1452
-17
🇨🇳 Khmer · China
1452
-18
🇨🇳 Malians · China
1350
-14
🇨🇳 Mongols · China
1267
-10
黑石塔
4:02 Loom
14:42 Feudal Age
19:06 Castle Age
17:22 Double-Bit Axe
20:53 Bow Saw
潮喜歡說故事的洛洛
8:39 Loom
21:57 Feudal Age
0.0
4:18 Loom
12:55 Feudal Age
19:48 Castle Age
18:54 Horse Collar
19:29 Double-Bit Axe
739697286
3:42 Loom
11:44 Feudal Age
12:26 Town Watch
18:03 Fletching
23:43 Double-Bit Axe
逍遥场口
8:09 Loom
13:50 Feudal Age
19:05 Castle Age
18:30 Double-Bit Axe
18:32 Horse Collar
20:44 Bow Saw
xcfotrp131
3:59 Loom
只会种田
5:13 Loom
14:21 Feudal Age
17:54 Castle Age
16:30 Double-Bit Axe
17:12 Bloodlines
19:28 Scale Barding Armor
23:09 Bow Saw
23:11 Forging
113152737
8:34 Loom
13:18 Feudal Age
14:36 Fletching
20:40 Castle Age
Connection lost

Rejoining the realm…

Still unreachable

The connection could not be restored.

Session expired

The server has moved on; the page needs a fresh start.